 Dungeon Crawl Stone Soup version 0.19.1-1-g22dce08 (webtiles) character file.

2511 ponk the Carver (level 9, -2/64 HPs)
             Began as a Demonspawn Abyssal Knight on Jan 20, 2017.
             Was a Priest of Lugonu.
             Slain by a yak (10 damage)
             ... on level 8 of the Dungeon.
             The game lasted 00:29:36 (9284 turns).

ponk the Carver (Demonspawn Abyssal Knight)         Turns: 9284, Time: 00:29:36

Health: -2/64      AC: 21    Str: 13    XL:     9   Next: 28%
Magic:  10/10      EV:  3    Int: 13    God:    Lugonu [***...]
Gold:   408        SH:  0    Dex: 16    Spells: 0 memorised, 8 levels left

rFire  . . .     SeeInvis .     a - +2 falchion
rCold  . . .     Gourm    +     e - +4 plate armour
rNeg   . . .     Faith    .     (no shield)
rPois  .         Spirit   .     D - +0 hat
rElec  .         Reflect  .     I - +1 cloak {MR+}
rCorr  .         Harm     .     (no gloves)
MR     +....                    (no boots)
Stlth  ..........               G - amulet of the gourmand
                                (no ring)
                                h - +3 ring of protection

@: very slightly contaminated
A: hooves 2, thin metallic scales 1, demonic guardian 1, foul stench 1, rot
immunity
a: Depart the Abyss, Bend Space, Banish, Renounce Religion


You were on level 8 of the Dungeon.
You worshipped Lugonu.
Lugonu was most pleased with you.
You were very full.

You visited 1 branch of the dungeon, and saw 8 of its levels.
You visited the Abyss 1 time.

You collected 408 gold pieces.

Inventory:

Hand Weapons
 a - a +2 falchion (weapon)
Missiles
 u - 38 poisoned needles
 J - 8 tomahawks
 K - 3 javelins (quivered)
Armour
 e - a +4 plate armour (worn)
 D - a +0 hat (worn)
 I - a +1 cloak of magic resistance (worn)
Jewellery
 h - a +3 ring of protection (left hand)
 s - an uncursed ring of magical power {unknown}
 G - an amulet of the gourmand (around neck)
Wands
 p - a wand of flame (18/48)
 r - a wand of slowing (8/48)
Scrolls
 b - 4 scrolls of identify
 f - a scroll of enchant armour {unknown}
 j - 5 scrolls of teleportation
 k - a scroll of remove curse
 l - 3 scrolls of enchant weapon
 o - 2 scrolls of magic mapping {unknown}
 w - 4 scrolls of amnesia {unknown}
 x - 3 scrolls of fear {unknown}
 y - 2 scrolls of blinking {unknown}
 C - 4 scrolls of recharging {unknown}
Potions
 m - a potion of cancellation
 q - 2 potions of agility
 t - a potion of ambrosia {unknown}
 v - 3 potions of brilliance {unknown}
 z - 2 potions of flight {unknown}
 B - a potion of lignification {unknown}
 F - a potion of haste {unknown}
 L - a potion of cure mutation {unknown}
Books
 d - a book of Minor Magic

   Spells                             Type                      Level
   a - Magic Dart                     Conjuration                  1
   b - Blink                          Translocation                2
   c - Call Imp                       Summoning                    2
   d - Repel Missiles                 Charms/Air                   2
   e - Slow                           Hexes                        2
   f - Conjure Flame                  Conjuration/Fire             3
   g - Mephitic Cloud                 Conjuration/Poison/Air       3
 E - a book of Misfortune

   Spells                             Type                      Level
   a - Confusing Touch                Hexes                        1
   b - Confuse                        Hexes                        3
   c - Gell's Gravitas                Hexes/Translocation          3
   d - Petrify                        Transmutation/Earth          4
   e - Metabolic Englaciation         Hexes/Ice                    5
   f - Yara's Violent Unravelling     Hexes/Transmutation          5
Comestibles
 c - 3 bread rations
 g - 2 slices of pizza
 i - 8 meat rations
 n - a beef jerky
 A - 3 fruits


   Skills:
 - Level 3.2 Fighting
 + Level 11.4 Long Blades
 - Level 1.9 Armour
 - Level 0.8 Dodging
 - Level 2.6 Invocations


You had 8 spell levels left.
You didn't know any spells.

Dungeon Overview and Level Annotations

Branches:
Dungeon (8/15)             Temple (0/1) D:5            Lair (0/6) D:8

Altars:
Cheibriados
Gozag
Makhleb
Vehumet
Zin

Shops:
D:5 [

Annotations:
D:7 Paps's ghost, novice GrFi


Innate Abilities, Weirdness & Mutations

You have hoof-like feet.
You are partially covered in thin metallic scales. (AC +2)
A weak demonic guardian rushes to your aid.
You may emit foul miasma when damaged in melee.
You are immune to rotting.


Message History

The jackal bites you but does no damage.
You hit the jackal.
You kill the jackal!
Lugonu accepts your kill.
A hornet comes into view.
You flicker back into view.
The hornet buzzes angrily.
You see here a bubbling sapphire potion.
t - a bubbling sapphire potion The yak gores your iron imp!
Your iron imp hits the yak!
A worm comes into view.
Okay, then.
Your iron imp barely misses the crocodile.
The crocodile bites your iron imp. The yak gores you but does no damage.
Your iron imp barely misses the yak.
The crocodile barely misses your iron imp.
The yak gores you but does no damage.
The yak looks sick.
Your iron imp hits the crocodile.
Your iron imp hits the yak.
The yak gores you!
You die... w

.......# #.. .. #.
...).###.# #. ##.########
#...##.# #. ..........#
#..##.# #.
#.....y...####.....########
#......5.#.........Yt.....
#......†...###.....#######
#......5Y### #.....#
#........@.# #.....#
##########.........#
#####....# #....# #....#


You could see a yak, a hornet and 2 friendly iron imps.

Vanquished Creatures
  An elephant (D:8)
  An ice beast (D:5)
  3 orc warriors
  A black bear (D:6)
  3 ogres
  A centaur (D:6)
  3 bullfrogs
  A gnoll sergeant (D:6)
  3 scorpions
  2 crimson imps (D:5)
  A quasit (D:6)
  A bullfrog zombie (D:7)
  A jelly (D:6)
  2 orc priests
  A bullfrog skeleton (D:4)
  3 worker ants
  Crazy Yiuf (D:6)
  An iguana (D:4)
  3 orc wizards
  A worker ant zombie (D:6)
  Robin (D:2)
  6 adders
  7 gnolls
  2 shadow imps (D:6)
  An ooze (D:5)
  An adder skeleton (D:7)
  4 worms
  4 dart slugs
  2 leopard geckos (D:2)
  9 orcs
  3 ball pythons
  5 giant cockroaches
  19 goblins
  5 hobgoblins
  16 jackals
  3 quokkas
  6 bats
  2 frilled lizards
  4 kobolds
  A leopard gecko skeleton (D:5)
  7 rats
142 creatures vanquished.

Vanquished Creatures (collateral kills)
  A black bear (D:6)
  An orc warrior (D:7)
  An ice beast (D:6)
  A centaur (D:5)
  A crocodile (D:8)
  A centaur zombie (D:6)
  An orc wizard (D:6)
  A gnoll (D:5)
  An adder (D:6)
  An ooze (D:7)
  5 orcs
  A jackal (D:7)
16 creatures vanquished.

Grand Total: 158 creatures vanquished

Notes
Turn   | Place    | Note
-------+----------+-------------------------------------------
     0 | Abyss:1  | ponk the Demonspawn Abyssal Knight began the quest for the Orb.
     0 | Abyss:1  | Reached XP level 1. HP: 18/18 MP: 2/2
     3 | Abyss:1  | Found a hazy altar of Hepliaklqana.
    44 | Abyss:1  | Noticed a rakshasa
    46 | Abyss:1  | Noticed a shadow
    51 | Abyss:1  | Noticed a small abomination
    54 | D:1      | Escaped the Abyss
   131 | D:1      | Reached skill level 2 in Long Blades
   325 | D:1      | Gained mutation: You are immune to rotting. [demonic ancestry]
   325 | D:1      | Reached XP level 2. HP: 23/24 MP: 3/3
   342 | D:1      | Reached * piety under Lugonu
   783 | D:2      | Gained mutation: You are partially covered in thin metallic scales. (AC +2) [demonic ancestry]
   783 | D:2      | Reached XP level 3. HP: 8/29 MP: 4/4
   787 | D:2      | Reached skill level 3 in Long Blades
  1424 | D:2      | Reached XP level 4. HP: 34/35 MP: 5/5
  1507 | D:2      | Noticed Robin
  1530 | D:2      | Killed Robin
  1530 | D:2      | Reached ** piety under Lugonu
  1894 | D:2      | Reached skill level 4 in Long Blades
  2026 | D:3      | Found an opulent altar of Gozag.
  2853 | D:4      | Noticed an ogre
  2871 | D:4      | Killed an ogre
  2871 | D:4      | Reached skill level 5 in Long Blades
  2871 | D:4      | Reached XP level 5. HP: 6/41 MP: 6/6
  3647 | D:4      | Gained mutation: A weak demonic guardian rushes to your aid. [demonic ancestry]
  3647 | D:4      | Reached XP level 6. HP: 27/47 MP: 7/7
  3847 | D:4      | Found a burning altar of Makhleb.
  3853 | D:4      | Found a glowing silver altar of Zin.
  3853 | D:4      | Noticed an angel
  3853 | D:4      | Noticed a green death
  4557 | D:5      | Entered Level 5 of the Dungeon
  4564 | D:5      | Found a radiant altar of Vehumet.
  4675 | D:5      | Reached skill level 6 in Long Blades
  5294 | D:5      | Found a snail-covered altar of Cheibriados.
  5333 | D:5      | Found Dyopamimuo's Armour Emporium.
  5459 | D:5      | Noticed an ice beast
  5467 | D:5      | Killed an ice beast
  5467 | D:5      | Reached skill level 7 in Long Blades
  5467 | D:5      | Gained mutation: You may emit foul miasma when damaged in melee. [demonic ancestry]
  5467 | D:5      | Reached XP level 7. HP: 22/52 MP: 8/8
  5888 | D:5      | Found a staircase to the Ecumenical Temple.
  6316 | D:6      | Reached *** piety under Lugonu
  6332 | D:6      | Reached skill level 8 in Long Blades
  6417 | D:6      | Gained mutation: You have large cloven feet. [demonic ancestry]
  6417 | D:6      | Reached XP level 8. HP: 45/58 MP: 9/9
  6877 | D:6      | Found a runed door.
  6961 | D:6      | Reached skill level 9 in Long Blades
  7948 | D:6      | Noticed Crazy Yiuf
  7954 | D:6      | Killed Crazy Yiuf
  7954 | D:6      | Reached skill level 10 in Long Blades
  8949 | D:7      | Gained mutation: You have hoof-like feet. [demonic ancestry]
  8949 | D:7      | Reached XP level 9. HP: 26/64 MP: 10/10
  9061 | D:7      | Noticed Paps's ghost (novice GrFi)
  9195 | D:8      | Found a staircase to the Lair.
  9196 | D:8      | Noticed an elephant
  9249 | D:8      | Killed an elephant
  9249 | D:8      | Reached skill level 11 in Long Blades
  9284 | D:8      | Slain by a yak

Skill      XL: |  1  2  3  4  5  6  7  8  9 |
---------------+----------------------------+-----
Long Blades    | 2 3 5 7 8 10 11 | 11.4
Fighting       | |  3.2
Armour         | |  1.9
Dodging        | |  0.8
Invocations    | |  2.6

Action                   |  1- 3 |  4- 6 |  7- 9 || total
-------------------------+-------+-------+-------++-------
Melee: Falchion          |   108 |   268 |   412 ||   788
       Kick              |       |       |   104 ||   104
Throw: Javelin           |       |       |     8 ||     8
       Tomahawk          |       |       |     1 ||     1
Invok: Depart the Abyss  |     1 |       |       ||     1
Evoke: Wand              |       |     4 |     5 ||     9
  Use: Potion            |     1 |     1 |     5 ||     7
       Scroll            |       |     8 |     1 ||     9
 Stab: Distracted        |       |     1 |     2 ||     3
       Invisible         |       |       |    16 ||    16
  Eat: Chunk             |     2 |     4 |    29 ||    35
       Bread ration      |       |     2 |       ||     2
Armor: Leather armour    |    12 |       |       ||    12
       Chain mail        |    64 |       |       ||    64
       Plate armour      |    32 |   250 |   313 ||   595
Dodge: Dodged            |    56 |    49 |    50 ||   155
       Rpst.: Falchion   |    17 |    20 |    15 ||    52
